 Dungeon Crawl Stone Soup version 0.27-a0-1308-gc08437e49b (webtiles) character file.

Game seed: 14817859770253453179

2692 mordus the Cleaver (level 9, 0/70 HPs)
             Began as a Minotaur Fighter on June 18, 2021.
             Was a Follower of Uskayaw.
             Killed from afar by Maggie (8 damage)
             ... with a bolt of fire
             ... on level 7 of the Dungeon.
             The game lasted 00:09:45 (7112 turns).

mordus the Cleaver (Minotaur Fighter)               Turns: 7112, Time: 00:09:46

Health: 0/70       AC: 15    Str: 28    XL:     9   Next: 38%
Magic:  4/8        EV: 10    Int:  5    God:    Uskayaw [*.....]
Gold:   286        SH:  0    Dex: 12    Spells: 8/8 levels left

rFire    . . .     SeeInvis .   l - +0 battleaxe
rCold    . . .     Faith    .   (shield currently unavailable)
rNeg     . . .     Spirit   .   b - +0 scale mail
rPois    +         Reflect  .   B - +2 hat {Will+}
rElec    .         Harm     .   k - +2 cloak {rPois}
rCorr    .         Rampage  .   r - +0 pair of gloves
Will     +....                  (no boots)
Stlth    ..........             (no amulet)
HPRegen  0.21/turn              w - +6 ring of strength
MPRegen  0.11/turn              (no ring)

@: no status effects
A: horns 2, retaliatory headbutt
a: Renounce Religion, Stomp


You were on level 7 of the Dungeon.
You worshipped Uskayaw.
Uskayaw was noncommittal.
You visited 2 branches of the dungeon, and saw 8 of its levels.

You collected 286 gold pieces.

Inventory:

Hand Weapons
 a - a +0 war axe
 l - a +0 battleaxe (weapon)
Missiles
 A - 2 throwing nets (quivered)
Armour
 b - a +0 scale mail (worn)
 c - a +0 kite shield
 k - a +2 cloak of poison resistance (worn)
 m - a scarf of resistance
 r - a +0 pair of gloves (worn)
 B - a +2 hat of willpower (worn)
Jewellery
 t - a ring of wizardry
 w - a +6 ring of strength (left hand)
Scrolls
 e - a scroll of amnesia {unknown}
 f - a scroll of immolation {unknown}
 h - 3 scrolls of noise {unknown}
 j - 5 scrolls of identify {unknown}
 q - a scroll of brand weapon {unknown}
 u - a scroll of enchant weapon {unknown}
 v - 3 scrolls of teleportation {unknown}
 x - a scroll of enchant armour {unknown}
 y - 2 scrolls of blinking {unknown}
Potions
 d - 2 potions of might
 g - 2 potions of cancellation {unknown}
 i - 3 potions of curing {unknown}
 n - 3 potions of heal wounds {unknown}
 o - a potion of invisibility {unknown}
 p - a potion of flight {unknown}
 s - a potion of brilliance {unknown}
 z - a potion of degeneration {unknown}
 C - a potion of haste {unknown}


   Skills:
 - Level 3.6 Fighting
 * Level 12.1 Axes
 + Level 9.4 Armour
 - Level 5.0 Shields


You had 8 spell levels left.
You didn't know any spells.
Your spell library contained the following spells:

 Spells                   Type           Power      Damage    Failure   Level
 Animate Skeleton         Necr           0%         N/A       71%         1
 Pain                     Necr           0%         1d4       71%         1
 Vampiric Draining        Necr           0%         2d6       97%         3
 Animate Dead             Necr           0%         N/A       100%        4
 Agony                    Necr           0%         N/A       100%        5


Dungeon Overview and Level Annotations

Branches:
Dungeon (7/15)             Temple (1/1) D:4

Altars:
Ashenzari
Cheibriados
Dithmenos
Elyvilon
Fedhas
Gozag
Hepliaklqana
Kikubaaqudgha
Makhleb
Nemelex Xobeh
Okawaru
Qazlal
Ru
Sif Muna
Trog
Uskayaw
Wu Jian
Xom
Yredelemnul
Zin
The Shining One

Annotations:
D:7 Maggie


Innate Abilities, Weirdness & Mutations

You have a pair of horns on your head.
You reflexively headbutt those who attack you in melee.


Message History

Maggie says, "How do the people who live here stand the isolation?"
You slice Maggie!!
Maggie is moderately wounded.
Maggie closely misses you.
You hit Maggie but do no damage.
Maggie is moderately wounded.
Maggie hits you with a +0 war axe!
You closely miss Maggie.
Maggie is moderately wounded.
Maggie casts a spell.
Maggie attempts to bespell you! You resist with almost no effort.
You barely miss Maggie. Your headbutt misses Maggie.
Maggie is moderately wounded.
Maggie hits you with a +0 war axe!
You closely miss Maggie. You headbutt Maggie.
Maggie is heavily wounded.
Maggie hits you with a +0 war axe.
You slash Maggie! Your headbutt misses Maggie.
Maggie is severely wounded.
Maggie closely misses you.
You can now pass through a line of other dancers.
Aiming: Line Pass
Press: ? - help, Dir - move target Maggie appears confused.
You can no longer pass through a line of other dancers.
Maggie hits you with a +0 war axe.
You barely miss Maggie. You headbutt Maggie, but do no damage.
Maggie is severely wounded.
Maggie seems less confused.
Maggie hits you with a +0 war axe!
* * * LOW HITPOINT WARNING * * *
Maggie misses you.
You barely miss Maggie. You headbutt Maggie!
Maggie is almost dead.
Maggie hits you with a +0 war axe!
* * * LOW HITPOINT WARNING * * *
You closely miss Maggie. You headbutt Maggie!
Maggie is almost dead.
Maggie points at you and mumbles some strange words.
The bolt of fire hits you!
You die...

#########
#.......#
#.#####.#
#.#####.####
######.##.......#
#.........##.##.#
##.####.#####.##@#
...# #... ..##@#
#### ##########.#
#.# ########## #.#
..##.....# #..
#.##.....# ##.
.........# .
.........# ..
#.#......#


You could see Maggie.

Vanquished Creatures
  Joseph (D:7)
  Sigmund (D:2)
  Eustachio (D:3)
  A water moccasin (D:7)
  Duvessa (D:4)
  An orc warrior (D:5)
  An ice beast (D:6)
  3 necrophages
  3 ogres
  2 black bears
  A centaur (D:7)
  A phantom (D:6)
  Blork the orc (D:4)
  2 scorpions
  Dowan (D:4)
  A water moccasin skeleton (D:5)
  3 bullfrog zombies (D:5)
  A centaur zombie (D:7)
  3 jellies
  Crazy Yiuf (D:2)
  An orc priest (D:5)
  An iguana (D:5)
  An orc wizard (D:5)
  6 gnolls
  A howler monkey skeleton (D:6)
  3 adders
  A shadow imp (D:5)
  A white imp (D:7)
  2 ufetubi (D:5)
  4 worms
  2 dart slugs
  7 orcs
  5 ball pythons
  5 endoplasms
  6 giant cockroaches
  3 goblins
  10 hobgoblins
  11 jackals (D:1)
  7 kobolds
  3 quokkas
  3 bats
  A frilled lizard (D:2)
  5 rats
119 creatures vanquished.

Notes
Turn   | Place    | Note
-------+----------+-------------------------------------------
     0 | D:1      | mordus the Minotaur Fighter began the quest for the Orb.
     0 | D:1      | Reached XP level 1. HP: 19/19 MP: 0/0
   262 | D:1      | Reached XP level 2. HP: 26/26 MP: 1/1
   326 | D:1      | Reached skill level 3 in Axes
   696 | D:1      | Reached XP level 3. HP: 26/31 MP: 2/2
  1001 | D:1      | Found a faded altar of an unknown god.
  1149 | D:2      | Noticed Sigmund
  1155 | D:2      | Killed Sigmund
  1156 | D:2      | Reached skill level 5 in Axes
  1156 | D:2      | Reached XP level 4. HP: 22/39 MP: 3/3
  1156 | D:2      | Reached XP level 5. HP: 25/45 MP: 4/4
  1391 | D:2      | Found a runed translucent door.
  1392 | D:2      | Noticed Crazy Yiuf
  1995 | D:2      | Killed Crazy Yiuf
  1996 | D:2      | Reached skill level 5 in Armour
  1996 | D:2      | Reached skill level 5 in Shields
  2918 | D:4      | Noticed Blork the orc
  2927 | D:4      | Killed Blork the orc
  2928 | D:4      | Reached skill level 6 in Axes
  2928 | D:4      | Reached XP level 6. HP: 37/51 MP: 5/5
  3171 | D:4      | Noticed Eustachio
  3188 | D:3      | Killed Eustachio
  3189 | D:3      | Reached skill level 7 in Axes
  3189 | D:3      | Reached XP level 7. HP: 39/57 MP: 6/6
  3304 | D:4      | Noticed Duvessa
  3304 | D:4      | Noticed Dowan
  3310 | D:4      | Killed Duvessa
  3312 | D:4      | Killed Dowan
  3519 | D:4      | Reached skill level 8 in Axes
  3523 | D:4      | Found a staircase to the Ecumenical Temple.
  3554 | Temple   | Entered the Ecumenical Temple
  3644 | Temple   | Became a worshipper of Uskayaw the Reveller
  3741 | D:4      | Reached * piety under Uskayaw
  3835 | D:4      | Reached ** piety under Uskayaw
  4196 | D:5      | Entered Level 5 of the Dungeon
  4365 | D:5      | Reached skill level 9 in Axes
  4365 | D:5      | Reached XP level 8. HP: 62/64 MP: 7/7
  4570 | D:5      | Reached *** piety under Uskayaw
  5085 | D:5      | Reached skill level 10 in Axes
  5780 | D:6      | Reached skill level 11 in Axes
  5966 | D:6      | Reached XP level 9. HP: 70/70 MP: 8/8
  6777 | D:7      | Noticed Joseph
  6786 | D:7      | Killed Joseph
  6787 | D:7      | Reached skill level 12 in Axes
  7101 | D:7      | Noticed Maggie
  7112 | D:7      | Killed from afar by Maggie

Illustrated notes

Levels and vault maps discovered:
D:1:      giann_wishing_wells, layout_basic, ebering_ecumenical_altar_webs
D:2:      layout_loops_ring, uniq_sigmund, uniq_crazy_yiuf_cottage
D:3:      layout_basic, minmay_box_of_dots
D:4:      layout_gridville, minmay_temple_entry_tees,
          lightli_ossuary_entry_decrepit_ruins, grunt_decor_mini_mirrors,
          uniq_blork_the_orc, uniq_eustachio, uniq_duvessa
D:5:      layout_rooms, cheibrodos_sewer_entry_bend
D:6:      layout_loops_ring
D:7:      layout_loops_cross, grunt_decor_fettered, kennysheep_generic_room_11,
          uniq_joseph, uniq_maggie
Temple:   compressed_dpeg_circular_temple

Skill      XL: |  1  2  3  4  5  6  7  8  9 |
---------------+----------------------------+-----
Axes           | 3 5 6 7 9 11 12 | 12.1
Armour         | 4 5 6 7 8 9 |  9.4
Shields        | 4 5 |  5.0
Fighting       | |  3.6

Action                   |  1- 3 |  4- 6 |  7- 9 || total
-------------------------+-------+-------+-------++-------
Melee: War axe           |    49 |    35 |       ||    84
       Headbutt          |     6 |    15 |    40 ||    61
       Battleaxe         |       |    52 |   154 ||   206
Invok: Line Pass         |       |       |     2 ||     2
 Stab: Paralysed         |       |       |     1 ||     1
Armor: Scale mail        |    14 |    48 |    77 ||   139
Dodge: Dodged            |    16 |    35 |    89 ||   140
Block: Kite shield       |    29 |    18 |       ||    47

Table legend: (Time is in decaauts)
 A = Elapsed time spent in this place.
 B = Non-inter-level travel time spent in this place.
 C = Inter-level travel time spent in this place.
 D = Time resting spent in this place.
 E = Time spent auto-exploring this place.
 F = Levels seen in this place.
 G = Mean time per level.
                   A        B        C        D        E       F      G
               +--------+--------+--------+--------+--------+-----+--------+
         Total |   7214 |   7017 |    197 |    171 |   5872 |   8 |  901.8 |
       Dungeon |   7089 |   6892 |    197 |    171 |   5872 |   7 | 1012.7 |
        Temple |    124 |    124 |      0 |      0 |      0 |   1 |  124.0 |
               +--------+--------+--------+--------+--------+-----+--------+

Top non-repeatable levels by time:
     D:5: 1381 daAuts
     D:4: 1189 daAuts
     D:1: 1134 daAuts
     D:2: 971 daAuts
     D:3: 848 daAuts
     D:7: 797 daAuts
     D:6: 767 daAuts
  Temple: 124 daAuts
